DBL
CLEVELAND SPIDERS @ MILWAUKEE CREAMS
06/24/1997
 
TOP OF THE 1ST
Cleveland Spiders batting - Pitching for Milwaukee Creams : LHP Teddy Higuera
Pitching: LHP Teddy Higuera
Batting: RHB Marquis Grissom 0-0: Called Strike
0-1: SINGLE (Groundball, 6MD, EV 95.6 MPH)
Batting: RHB Rudy Pemberton 0-0: Foul Ball, location: 2F
0-1: Swinging Strike
0-2: Strikes out looking
Batting: RHB Bernard Gilkey 0-0: Called Strike
0-1: Ball
Marquis Grissom is caught stealing 2nd base 2-4
1-1: Fly out, F9 (Flyball, 9LM, EV 83.1 MPH)
Top of the 1st over - 0 runs, 1 hit, 0 errors, 0 left on base; Cleveland 0 - Milwaukee 0
BOTTOM OF THE 1ST
Milwaukee Creams batting - Pitching for Cleveland Spiders : RHP Bob Sebra
Pitching: RHP Bob Sebra
Batting: RHB Mark Loretta 0-0: SINGLE (Groundball, 4MD, EV 100.6 MPH)
Batting: SHB Chipper Jones 0-0: Called Strike
0-1: Called Strike
0-2: Ball
1-2: Strikes out swinging
Batting: SHB Ken Caminiti 0-0: Ball
1-0: Foul Ball, location: 2F
1-1: Foul Ball, location: 2F
1-2: Ball
2-2: Ball
3-2: Base on Balls
Mark Loretta to second
Batting: LHB Carlos Delgado 0-0: Ball
1-0: Called Strike
1-1: Ball
2-1: Fly out, F6 (Flyball, 56D, EV 88.8 MPH)
Batting: LHB John Elway 0-0: Foul Ball, location: 2F
0-1: Foul Ball, location: 2F
0-2: Strikes out swinging
Bottom of the 1st over - 0 runs, 1 hit, 0 errors, 2 left on base; Cleveland 0 - Milwaukee 0
TOP OF THE 2ND
Cleveland Spiders batting - Pitching for Milwaukee Creams : LHP Teddy Higuera
Batting: RHB Kevin Mitchell 0-0: Ball
1-0: Ball
2-0: Foul Ball, location: 2F
2-1: Foul Ball, location: 2F
2-2: Ball
3-2: Fly out, F7 (Flyball, 7S, EV 88.1 MPH)
Batting: SHB Todd Hundley 0-0: Foul Ball, location: 2F
0-1: Foul Ball, location: 2F
0-2: Foul Ball, location: 2F
0-2: Foul Ball, location: 2F
0-2: Ball
1-2: Strikes out swinging
Batting: LHB Garret Anderson 0-0: Called Strike
0-1: Fly out, F4 (Popup, 34S, EV 76.3 MPH)
Top of the 2nd over - 0 runs, 0 hits, 0 errors, 0 left on base; Cleveland 0 - Milwaukee 0
BOTTOM OF THE 2ND
Milwaukee Creams batting - Pitching for Cleveland Spiders : RHP Bob Sebra
Batting: LHB Steve Finley 0-0: Ground out 1-3 (Groundball, 34S, EV 82.5 MPH)
Batting: RHB Brad Ausmus 0-0: Foul Ball, location: 2F
0-1: Ball
1-1: Foul Ball, location: 2F
1-2: Fly out, F6 (Popup, 6M, EV 71.3 MPH)
Batting: RHB Rey Sanchez 0-0: Foul Ball, location: 2F
0-1: Foul Ball, location: 2F
0-2: Foul Ball, location: 2F
0-2: Foul Ball, location: 2F
0-2: Foul Ball, location: 2F
0-2: Ball
1-2: Fly out, F7 (Flyball, 7, EV 86.9 MPH)
Bottom of the 2nd over - 0 runs, 0 hits, 0 errors, 0 left on base; Cleveland 0 - Milwaukee 0
TOP OF THE 3RD
Cleveland Spiders batting - Pitching for Milwaukee Creams : LHP Teddy Higuera
Batting: LHB Raul Ibanez 0-0: Ball
1-0: Ball
2-0: Ball
3-0: Called Strike
3-1: Called Strike
3-2: Base on Balls
Batting: SHB Tomas Perez 0-0: Sac Bunt to 13S - play at first, batter OUT! 1-3
Raul Ibanez to second
Batting: RHB Billy Ripken 0-0: Ground out 5-3 (Groundball, 5, EV 101.3 MPH)
Batting: RHB Marquis Grissom 0-0: Ball
1-0: Ball
2-0: Swinging Strike
2-1: Called Strike
2-2: Ball
3-2: Foul Ball, location: 2F
3-2: Base on Balls
Batting: RHB Rudy Pemberton 0-0: Ground out 1-3 (Groundball, 13, EV 63.8 MPH)
Top of the 3rd over - 0 runs, 0 hits, 0 errors, 2 left on base; Cleveland 0 - Milwaukee 0
BOTTOM OF THE 3RD
Milwaukee Creams batting - Pitching for Cleveland Spiders : RHP Bob Sebra
Batting: LHB Tom Goodwin 0-0: Ball
1-0: Ball
2-0: Called Strike
2-1: Bunt for hit to 23 - play at first, batter safe!
Batting: RHB Mark Loretta 0-0: Bunted foul
0-1: Bunt missed!
0-2: Ball
1-2: Foul Ball, location: 2F
1-2: Ball
2-2: SINGLE (Groundball, 4MD, EV 93.8 MPH)
Tom Goodwin to second
Runner from 2nd tries for 3rd, SAFE, throw by CF made to third
Batting: SHB Chipper Jones 0-0: SINGLE (Groundball, 34, EV 80.0 MPH) (infield hit)
Tom Goodwin scores
Mark Loretta to second
Batting: SHB Ken Caminiti 0-0: Ball
1-0: Ball
2-0: Called Strike
2-1: Grounds into double play, 6-4-3 (Groundball, 6M, EV 85.0 MPH)
Mark Loretta to third
Batting: LHB Carlos Delgado 0-0: Called Strike
0-1: Ball
1-1: Ball
2-1: Ball
3-1: Foul Ball, location: 2F
3-2: Foul Ball, location: 2F
3-2: Foul Ball, location: 2F
3-2: Base on Balls
Batting: LHB John Elway 0-0: Foul Ball, location: 2F
0-1: Ball
1-1: Foul Ball, location: 2F
1-2: Fly out, F7 (Flyball, 7LM, EV 91.9 MPH)
Bottom of the 3rd over - 1 run, 3 hits, 0 errors, 2 left on base; Cleveland 0 - Milwaukee 1
TOP OF THE 4TH
Cleveland Spiders batting - Pitching for Milwaukee Creams : LHP Teddy Higuera
Batting: RHB Bernard Gilkey 0-0: Ball
1-0: Called Strike
1-1: Ball
2-1: SINGLE (Line Drive, 8RS, EV 101.3 MPH)
Batting: RHB Kevin Mitchell 0-0: Ball
1-0: Foul Ball, location: 2F
1-1: Foul Ball, location: 2F
1-2: Reached on error, E6 (Groundball, 6, EV 99.4 MPH)
Bernard Gilkey to second
Batting: SHB Todd Hundley 0-0: Foul Ball, location: 2F
0-1: Ball
1-1: Foul Ball, location: 2F
1-2: Strikes out swinging
Batting: LHB Garret Anderson 0-0: Fielders Choice at 2nd, 1-6 (Groundball, 13S, EV 70.6 MPH)
Bernard Gilkey to third
Batting: LHB Raul Ibanez 0-0: Ball
1-0: Ball
2-0: Fly out, F8 (Flyball, 8LD, EV 95.6 MPH)
Top of the 4th over - 0 runs, 1 hit, 1 error, 2 left on base; Cleveland 0 - Milwaukee 1
BOTTOM OF THE 4TH
Milwaukee Creams batting - Pitching for Cleveland Spiders : RHP Bob Sebra
Batting: LHB Steve Finley 0-0: Called Strike
0-1: Reached on error, E6 (Groundball, 6, EV 83.1 MPH)
Batting: RHB Brad Ausmus 0-0: Foul Ball, location: 2F
0-1: Foul Ball, location: 2F
0-2: Ball
1-2: Ground out 6-3 (Groundball, 6MS, EV 79.4 MPH)
Steve Finley to third
Batting: RHB Rey Sanchez 0-0: SINGLE (Line Drive, 34D, EV 96.9 MPH)
Steve Finley scores
Batting: LHB Tom Goodwin 0-0: Called Strike
0-1: Ball
1-1: Ground out 3-1 (Groundball, 34S, EV 80.6 MPH)
Rey Sanchez to second
Batting: RHB Mark Loretta 0-0: Foul Ball, location: 2F
0-1: Ball
1-1: Called Strike
1-2: Ground out 6-3 (Groundball, 6, EV 86.9 MPH)
Bottom of the 4th over - 1 run, 1 hit, 1 error, 1 left on base; Cleveland 0 - Milwaukee 2
TOP OF THE 5TH
Cleveland Spiders batting - Pitching for Milwaukee Creams : LHP Teddy Higuera
Batting: SHB Tomas Perez 0-0: Ball
1-0: Ball
2-0: Ball
3-0: Base on Balls
Batting: RHB Billy Ripken 0-0: Ball
1-0: Ball
2-0: Swinging Strike
2-1: Fly out, F9 (Flyball, 9, EV 98.1 MPH)
Batting: RHB Marquis Grissom 0-0: Fielders Choice at 2nd, 5-4 (Groundball, 56, EV 95.0 MPH)
Batting: RHB Rudy Pemberton 0-0: Ball
1-0: Swinging Strike
1-1: Foul Ball, location: 2F
1-2: Reached on error, E9 (Flyball, 9LS, EV 97.5 MPH)
Marquis Grissom to third
Batting: RHB Bernard Gilkey 0-0: Foul Ball, location: 2F
0-1: Ground out 6-3 (Groundball, 6D, EV 80.0 MPH)
Top of the 5th over - 0 runs, 0 hits, 1 error, 2 left on base; Cleveland 0 - Milwaukee 2
BOTTOM OF THE 5TH
Milwaukee Creams batting - Pitching for Cleveland Spiders : RHP Bob Sebra
Batting: SHB Chipper Jones 0-0: Ball
1-0: Ball
2-0: Swinging Strike
2-1: Swinging Strike
2-2: Ball
3-2: Foul Ball, location: 2F
3-2: Strikes out swinging
Batting: SHB Ken Caminiti 0-0: Called Strike
0-1: Foul Ball, location: 2F
0-2: Ball
1-2: Foul Ball, location: 2F
1-2: Fly out, F7 (Flyball, 7S, EV 85.6 MPH)
Batting: LHB Carlos Delgado 0-0: Called Strike
0-1: Ball
1-1: Called Strike
1-2: Strikes out swinging
Bottom of the 5th over - 0 runs, 0 hits, 0 errors, 0 left on base; Cleveland 0 - Milwaukee 2
TOP OF THE 6TH
Cleveland Spiders batting - Pitching for Milwaukee Creams : LHP Teddy Higuera
Batting: RHB Kevin Mitchell 0-0: Swinging Strike
0-1: Ball
1-1: Ball
2-1: Ball
3-1: Base on Balls
Pitching: RHP Steve Bedrosian
Batting: SHB Todd Hundley 0-0: Ball
1-0: Ball
2-0: Called Strike
2-1: Foul Ball, location: 2F
2-2: Ball
3-2: Fly out, F5 (Popup, 56S, EV 73.1 MPH)
Batting: LHB Garret Anderson 0-0: Called Strike
0-1: Ball
Wild Pitch!
Kevin Mitchell to second
1-1: Foul Ball, location: 2F
1-2: Ball
2-2: SINGLE (Line Drive, 8RS, EV 92.5 MPH)
Kevin Mitchell to third
Batting: LHB Raul Ibanez 0-0: Ball
1-0: Ball
2-0: SINGLE (Groundball, 3L, EV 78.1 MPH) (infield hit)
Kevin Mitchell scores
Garret Anderson to second
Batting: SHB Tomas Perez 0-0: Called Strike
0-1: Swinging Strike
0-2: Ball
1-2: SINGLE (Line Drive, 78M, EV 90.0 MPH)
Garret Anderson to third
Raul Ibanez to second
Runner from 3rd tries for Home, SAFE, throw by LF to home
Batting: RHB Billy Ripken 0-0: Foul Ball, location: 2F
0-1: Called Strike
0-2: Ball
1-2: Strikes out swinging
Batting: RHB Marquis Grissom 0-0: Ball
1-0: Fielders Choice at 2nd, 6-4 (Groundball, 6, EV 80.0 MPH)
Top of the 6th over - 2 runs, 3 hits, 0 errors, 2 left on base; Cleveland 2 - Milwaukee 2
BOTTOM OF THE 6TH
Milwaukee Creams batting - Pitching for Cleveland Spiders : RHP Bob Sebra
Batting: LHB John Elway 0-0: Called Strike
0-1: Foul Ball, location: 2F
0-2: Ball
1-2: Foul Ball, location: 2F
1-2: Ball
2-2: Ball
3-2: DOUBLE (Flyball, 8RXD, EV 105.6 MPH)
Batting: LHB Steve Finley 0-0: Sac Bunt to 15 - play at first, batter OUT! 1-3
John Elway to third
Batting: RHB Brad Ausmus 0-0: Ground out 6-3 (Groundball, 6, EV 107.5 MPH)
Batting: RHB Rey Sanchez 0-0: Ball
1-0: Swinging Strike
1-1: Ball
2-1: Foul Ball, location: 2F
2-2: Foul Ball, location: 2F
2-2: Foul Ball, location: 2F
2-2: Foul Ball, location: 2F
2-2: Strikes out swinging
Bottom of the 6th over - 0 runs, 1 hit, 0 errors, 1 left on base; Cleveland 2 - Milwaukee 2
TOP OF THE 7TH
Cleveland Spiders batting - Pitching for Milwaukee Creams : RHP Steve Bedrosian
Batting: RHB Rudy Pemberton 0-0: Ball
1-0: Foul Ball, location: 2F
1-1: Foul Ball, location: 2F
1-2: Ball
2-2: Foul Ball, location: 2F
2-2: Ball
3-2: Foul Ball, location: 2F
3-2: Fly out, F5 (Popup, 5F, EV 59.4 MPH)
Batting: RHB Bernard Gilkey 0-0: Called Strike
0-1: Ball
1-1: SINGLE (Groundball, 34D, EV 103.8 MPH)
Pitching: LHP Jeff Calhoun
Batting: RHB Kevin Mitchell 0-0: Ball
1-0: Called Strike
1-1: Ball
2-1: Foul Ball, location: 2F
2-2: Strikes out looking
Batting: SHB Todd Hundley 0-0: Fly out, F6 (Popup, 56D, EV 69.4 MPH)
Top of the 7th over - 0 runs, 1 hit, 0 errors, 1 left on base; Cleveland 2 - Milwaukee 2
BOTTOM OF THE 7TH
Milwaukee Creams batting - Pitching for Cleveland Spiders : RHP Bob Sebra
Batting: LHB Tom Goodwin 0-0: Ball
1-0: Ball
2-0: Ball
3-0: Base on Balls
Pitching: RHP Willie Banks
Batting: RHB Mark Loretta 0-0: Bunt missed!
0-1: Bunt missed!
0-2: Ball
1-2: SINGLE (Line Drive, 9S, EV 93.8 MPH)
Tom Goodwin to second
Runner from 2nd tries for 3rd, SAFE, throw by RF made to third
Batting: SHB Chipper Jones Pickoff Throw to First - Out! 1-3
0-0: SINGLE (Groundball, 34, EV 101.9 MPH)
Tom Goodwin scores
Batting: SHB Ken Caminiti 0-0: Ball
1-0: Ball
2-0: Foul Ball, location: 2F
2-1: Swinging Strike
2-2: Foul Ball, location: 2F
2-2: Ball
3-2: Foul Ball, location: 2F
3-2: Foul Ball, location: 2F
3-2: Base on Balls
Chipper Jones to second
Batting: LHB Carlos Delgado 0-0: Ball
1-0: Ball
2-0: Fly out, F7 (Flyball, 78D, EV 78.8 MPH)
Batting: LHB John Elway 0-0: Called Strike
0-1: Ball
1-1: Ball
2-1: Foul Ball, location: 2F
2-2: Strikes out swinging
Bottom of the 7th over - 1 run, 2 hits, 0 errors, 2 left on base; Cleveland 2 - Milwaukee 3
TOP OF THE 8TH
Cleveland Spiders batting - Pitching for Milwaukee Creams : LHP Jeff Calhoun
Batting: LHB Garret Anderson 0-0: Foul Ball, location: 2F
0-1: Ball
1-1: Foul Ball, location: 2F
1-2: Ball
2-2: Foul Ball, location: 2F
2-2: Foul Ball, location: 2F
2-2: SINGLE (Flyball, 9S, EV 85.0 MPH)
Batting: LHB Raul Ibanez 0-0: Ball
1-0: Ground out 4-3 (Groundball, 4S, EV 71.3 MPH)
Garret Anderson to second
Batting: SHB Tomas Perez 0-0: Swinging Strike
0-1: Swinging Strike
0-2: Strikes out swinging
Pitching: RHP Wally Whitehurst
Batting: RHB Billy Ripken 0-0: Swinging Strike
0-1: Swinging Strike
0-2: Ball
1-2: Foul Ball, location: 2F
1-2: Strikes out swinging
Top of the 8th over - 0 runs, 1 hit, 0 errors, 1 left on base; Cleveland 2 - Milwaukee 3
BOTTOM OF THE 8TH
Milwaukee Creams batting - Pitching for Cleveland Spiders : RHP Willie Banks
Batting: LHB Steve Finley 0-0: Ball
1-0: Fly out, F7 (Line Drive, 7, EV 100.6 MPH)
Batting: RHB Brad Ausmus 0-0: Fly out, F8 (Flyball, 8RD, EV 106.3 MPH)
Batting: RHB Rey Sanchez 0-0: Called Strike
0-1: Foul Ball, location: 2F
0-2: Strikes out swinging
Bottom of the 8th over - 0 runs, 0 hits, 0 errors, 0 left on base; Cleveland 2 - Milwaukee 3
TOP OF THE 9TH
Cleveland Spiders batting - Pitching for Milwaukee Creams : RHP Wally Whitehurst
Pinch Hitting: LHB Darryl Strawberry 0-0: Called Strike
0-1: Hit by Pitch
Batting: RHB Rudy Pemberton 0-0: Foul Ball, location: 2F
0-1: Ball
1-1: Called Strike
1-2: Strikes out swinging
Batting: RHB Bernard Gilkey 0-0: Ball
1-0: Called Strike
1-1: Foul Ball, location: 2F
1-2: Foul Ball, location: 2F
1-2: Foul Ball, location: 2F
1-2: Ball
2-2: Foul Ball, location: 2F
2-2: SINGLE (Groundball, 6D, EV 101.9 MPH)
Darryl Strawberry to second
Runner from 2nd tries for 3rd, OUT! 7-5
Batting: RHB Kevin Mitchell 0-0: Ball
1-0: Ball
2-0: Called Strike
2-1: Ground out 6-3 (Groundball, 56S, EV 65.0 MPH)
Top of the 9th over - 0 runs, 1 hit, 0 errors, 1 left on base; Cleveland 2 - Milwaukee 3
Saturday, February 28th, 2026 - OOTP Baseball 20.8 Build 74